Map: [ESL] Babylon

Players

Bunny

  • Race: Terran Terran
  • Spawn Location: 5:00

Solar - Winner!

  • Race: Zerg Zerg
  • Spawn Location: 11:00

Event: ESL SC2 Masters 2023 Summer (Finals)

VOD

Have the link to the VOD?

Description

Time

  • Played on: June 16, 2023, 8:34 a.m.
  • Length: 5:47

All games in this series

Show
View Real Time Build Order
Export as new Build Order

Bunny Terran 

Build Orders: Hellion Opening, Reaper Expand 

Get SALT Encoding   

  12  0:00  SCV  
  13  0:12  SCV  
  14  0:17  Supply Depot  
  14  0:24  SCV  
  15  0:38  SCV  
  15  0:40  Barracks  
  16  0:42  Refinery  
  16  0:50  SCV  
  17  1:03  SCV  
  18  1:15  SCV  
  19  1:27  Orbital Command  
  19  1:28  Reaper  
  20  1:39  Command Center  
  20  1:47  Supply Depot  
  20  1:52  SCV  
  21  1:59  Marine  
  22  2:04  SCV  
  22  2:07  Factory  
  23  2:11  Refinery  
  23  2:16  SCV  
  23  2:21  Barracks Reactor  
  24  2:28  SCV  
  25  2:40  SCV  
  26  2:50  Orbital Command  
  26  2:52  Starport  
  26  2:53  SCV  
  27  3:01  Hellion x2  
  27  3:04  Barracks Tech Lab  
  27  3:05  SCV  
  32  3:16  SCV  
  32  3:17  SCV  
  34  3:20  Supply Depot  
  34  3:23  Hellion x2, Marauder  
  40  3:30  Viking  
  43  3:34  SCV x2  
  43  3:40  Supply Depot  
  44  3:44  Marauder  
  44  3:46  Hellion  
  44  3:47  Hellion  
  50  3:51  SCV  
  50  3:52  SCV  
  50  3:53  Concussive Shells  
  52  3:59  Medivac  
  54  4:06  Marauder  
  54  4:08  Hellion  
  58  4:11  Armory  
  58  4:14  Supply Depot  
  58  4:19  SCV x2  
  58  4:24  Hellion  
  62  4:36  SCV x2, Hellion  
  66  4:40  Supply Depot  
  64  4:47  Command Center  
  63  5:01  Marine  
  63  5:04  Hellion x2  
  61  5:17  SCV x2  
Show
View Real Time Build Order
Export as new Build Order

Solar Zerg - Winner!

Build Orders: Hatch First 

Get SALT Encoding   

  12  0:00  Drone  
  13  0:12  Overlord  
  13  0:17  Drone  
  14  0:30  Drone x2  
  16  0:47  Hatchery  
  15  0:51  Drone  
  15  0:55  Drone  
  17  0:58  Drone  
  18  1:09  Extractor  
  17  1:13  Spawning Pool  
  17  1:16  Drone  
  17  1:20  Drone  
  18  1:28  Drone  
  19  1:39  Drone  
  20  1:50  Drone  
  21  1:59  Queen x2  
  21  2:00  Zergling x2  
  21  2:01  Zergling x2  
  27  2:13  Overlord  
  27  2:14  Drone  
  28  2:21  Hatchery  
  27  2:24  Drone  
  28  2:32  Drone x2  
  29  2:41  Drone  
  29  2:42  Metabolic Boost  
  30  2:44  Drone  
  30  2:45  Overlord  
  31  2:53  Drone x2  
  33  3:02  Queen  
  33  3:04  Drone x2  
  37  3:06  Queen  
  37  3:11  Drone x2  
  41  3:14  Drone  
  41  3:17  Overlord  
  41  3:19  Drone  
  43  3:31  Drone, Roach Warren  
  43  3:34  Drone x2  
  43  3:36  Extractor, Queen  
  43  3:40  Drone x2  
  48  3:43  Extractor, Drone  
  48  3:45  Overlord  
  48  3:48  Drone  
  49  3:50  Zergling x2  
  49  3:52  Zergling x2  
  49  3:55  Drone x2  
  53  4:01  Overlord  
  53  4:02  Overlord  
  53  4:07  Spore Crawler  
  53  4:09  Overlord  
  53  4:18  Roach x4  
  53  4:19  Roach  
  53  4:23  Roach  
  64  4:24  Roach  
  64  4:28  Roach  
  64  4:30  Roach  
  70  4:33  Roach  
  70  4:35  Zergling x2  
  73  4:39  Zergling x4  
  73  4:40  Zergling x2  
  76  4:45  Ravager x2  
  76  4:47  Ravager  
  76  4:49  Overlord  
  76  4:52  Zergling x6  
  82  4:56  Overlord  
  82  4:58  Overlord  
  80  5:00  Zergling x4  
  80  5:03  Zergling x2  
  81  5:09  Zergling x2  
  81  5:10  Zergling x6  
  84  5:14  Overlord  
  84  5:16  Ravager  
  84  5:18  Zergling x6  
  84  5:21  Zergling x2  
  88  5:22  Ravager x2  
  88  5:23  Zergling x2  
  89  5:31  Ravager  
  90  5:39  Ravager  
Tags
 
Add a new tag
Caveats
  • Supply blocks, unpowered buildings, or Contaminate may cause inaccurate times.
  • Supply counts are checked every 10 seconds.